 Dungeon Crawl Stone Soup version 0.15.2 (console) character file.

291 Kite the Skirmisher (level 6, -5/58 HPs)
             Began as a Minotaur Berserker on Dec 10, 2014.
             Was an Elder of Trog.
             Slain by a goliath beetle (16 damage)
             ... on Level 4 of the Dungeon.
             The game lasted 00:28:53 (3282 turns).

Kite the Skirmisher (Minotaur Berserker)            Turns: 3282, Time: 00:28:53

HP  -5/58        AC  6     Str 23      XL: 6   Next: 10%
MP   3/3         EV 10     Int  4      God: Trog [****..]
Gold 108         SH  0     Dex 10      Spells:  0 memorised,  5 levels left

rFire  . . .     SeeInvis .     a - +0 hand axe
rCold  . . .     Clarity  .     x - +0 ring mail
rNeg   . . .     rCorr    .     (no shield)
rPois  .         rRot     .     (helmet restricted)
rElec  .         Spirit   .     (no cloak)
SustAb .         Warding  .     n - +0 pair of gloves
rMut   .         Stasis   .     (no boots)
Gourm  .                        (no amulet)
MR     .....                    (no ring)
                                (no ring)

@: invisible, not resistant to hostile enchantments, extremely unstealthy
A: retaliatory headbutt, horns 2
a: Burn Spellbooks, Berserk, Trog's Hand, Brothers in Arms, Renounce Religion


You were on level 4 of the Dungeon.
You worshipped Trog.
Trog was greatly pleased with you.
You were not hungry.

You visited 1 branch of the dungeon, and saw 4 of its levels.

You collected 108 gold pieces.

Inventory:

Hand weapons
 a - a +0 hand axe (weapon)
 b - a +0 hand axe
 u - a +0 dagger (quivered)
 w - a +0 dagger
Armour
 n - a +0 pair of gloves (worn)
 x - a +0 ring mail (worn)
 B - a +2 leather armour of fire resistance
Comestibles
 c - 2 bread rations
 j - a chunk of goblin flesh
 l - 2 meat rations
 m - a fruit
 s - a beef jerky
Scrolls
 e - a scroll of remove curse
 h - a scroll of enchant armour {unknown}
Potions
 d - a potion of restore abilities
 f - a potion of heal wounds {unknown}
 g - a potion of cancellation {unknown}
 i - a potion of agility {unknown}
 k - a potion of flight {unknown}
 p - a potion of invisibility
 r - a potion of porridge
 t - a potion of brilliance {unknown}
 z - a potion of curing {unknown}
Books
 A - a book of Frost

   Spells                             Type                      Level
   Freeze                             Ice                          1
   Throw Frost                        Conjuration/Ice              2
   Ozocubu's Armour                   Charms/Ice                   3
   Throw Icicle                       Conjuration/Ice              4
   Summon Ice Beast                   Ice/Summoning                4
   Condensation Shield                Ice                          4
   Trog disapproves of the use of such an item.
Rods
 v - a +1 rod of ignition (15/15)
   (You found it on level 3 of the Dungeon)


   Skills:
 * Level 6.4 Fighting
 + Level 5.1 Axes
 + Level 3.4 Armour
 + Level 3.2 Dodging


You had 5 spell levels left.
You didn't know any spells.

Dungeon Overview and Level Annotations

Branches:
Dungeon (4/15)
 Temple: D:4-7

Altars:
Ashenzari
Okawaru
Qazlal
Trog


Innate Abilities, Weirdness & Mutations

You reflexively headbutt those who attack you in melee.
You have a pair of horns on your head.


Message History

The goliath beetle is moderately wounded.
The goliath beetle completely misses you.
You hit the goliath beetle.
The goliath beetle is moderately wounded.
You hit the goliath beetle but do no damage.
You headbutt the goliath beetle.
The goliath beetle is heavily wounded.
The goliath beetle bites you but does no damage.
You hit the goliath beetle.
The goliath beetle is heavily wounded.
You hit the goliath beetle but do no damage.
The goliath beetle is heavily wounded.
The goliath beetle bites you!!
* * * LOW HITPOINT WARNING * * *
Drink which item? (? for menu, Esc to quit)
You feel refreshed.
It was a potion of restore abilities.
Drink which item? (? for menu, Esc to quit)
You fade into invisibility!
It was a potion of invisibility.
The goliath beetle bites you!
You die...

················
··········▒▒▒▒▒▒▒
················▒
·········)······▒ ▒▒▒
················▒ ▒····
················▒
······
▒▒▒▒▒··········▒▒·····▒
▒··········▒··)···▒
········▒▒▒·@B)··▒
·········▒ ▒▒▒▒▒▒▒▒
········▒ ·······▒
·····▒ ▒▒▒▒▒


You could see a goliath beetle.

Vanquished Creatures
  An ice beast (D:4)
  2 worker ants (D:4)
  7 adders
  A gnoll (D:3)
  A giant gecko (D:2)
  4 orcs (D:3)
  A ball python (D:1)
  3 giant cockroaches
  13 hobgoblins
  7 jackals (D:2)
  A quokka (D:3)
  9 bats
  4 giant newts
  10 goblins
  6 kobolds
  9 rats
79 creatures vanquished.

Notes
Turn   | Place    | Note
--------------------------------------------------------------
     0 | D:1      | Kite, the Minotaur Berserker, began the quest for the Orb.
     0 | D:1      | Reached XP level 1. HP: 19/19 MP: 1/1
   118 | D:1      | Reached skill level 4 in Fighting
   249 | D:1      | Reached XP level 2. HP: 27/27 MP: 1/1
   395 | D:1      | Acquired Trog's second power
   844 | D:2      | Reached XP level 3. HP: 30/34 MP: 2/2
   915 | D:2      | Found a stormy altar of Qazlal.
  1647 | D:2      | Reached XP level 4. HP: 39/41 MP: 2/2
  1679 | D:2      | Reached skill level 5 in Fighting
  1963 | D:3      | Found a shattered altar of Ashenzari.
  2508 | D:3      | Found a bloodstained altar of Trog.
  2509 | D:3      | Found an iron altar of Okawaru.
  2751 | D:4      | Identified a +0 rod of ignition (13/13) (You found it on level 3 of the Dungeon)
  2757 | D:4      | Noticed an ice beast
  2765 | D:4      | Reached XP level 5. HP: 48/48 MP: 2/2
  2770 | D:4      | Killed an ice beast
  2770 | D:4      | Reached skill level 6 in Fighting
  2770 | D:4      | Reached skill level 5 in Axes
  2775 | D:4      | Acquired Trog's third power
  3081 | D:4      | Reached XP level 6. HP: 57/57 MP: 3/3
  3282 | D:4      | Slain by a goliath beetle

Action                   |  1- 3 |  4- 6 || total
-------------------------+-------+-------++-------
Melee: Hand axe          |    78 |    67 ||   145
       Flail             |       |    16 ||    16
Invok: Berserk           |       |     2 ||     2
  Use: Scroll            |       |     6 ||     6
       Potion            |       |     2 ||     2
  Eat: Chunk             |     2 |     7 ||     9
       Fruit             |       |     1 ||     1
